[ AOE2 MATCH · #467855326 ]
UnrankedByzantines vs Sicilians
Player's team · WIN
Rival team · LOSS
[ REPLAY ANALYSIS · EXTRACTED FROM THE RECORDED GAME ]
Feudal
9:33
Castle
20:14
Imperial
32:03
| APM avg | 17.1 |
| APM peak | 43 |
| eAPM avg | 12.1 |
| Villagers / military | 84 / 145 |
Focus
⚔️ 22.7% · 🌾 77.3%
Militia ×56 · Skirmisher ×54 · Spearman ×26 · Trebuchet (Packed) ×6 · Archer ×3
Feudal
—
Castle
—
Imperial
—
| APM avg | 13.7 |
| APM peak | 38 |
| eAPM avg | 10.4 |
| Villagers / military | 72 / 33 |
Focus
⚔️ 17.8% · 🌾 82.2%
Serjeant ×21 · Battering Ram ×6 · Monk ×3 · Spearman ×2 · Trebuchet (Packed) ×1
Match map
Initial resources + every placement click. Lines = walls · curves = elevation contours. ◆ gold · ⬟ stone · ● berries · ✦ relic · ◌ wall gap
Your base· ✓ Closed at 20:14 · 0t walls · 3 gate(s)
Arlexchc's base· ✓ Closed at 20:44 · 0t walls · 2 gate(s)
Smoothed initial terrain · ◌ = detected wall gap · hover for details
Inputs per minute
— elias.tanous - - Arlexchc
Build order — elias.tanous
First 150 of 232 actions detected
| 0:04 | Build | House |
| 0:07 | Build | House |
| 0:10 | Create | Villager (Male) |
| 0:10 | Create | Villager (Male) |
| 0:10 | Create | Villager (Male) |
| 0:10 | Create | Villager (Male) |
| 1:32 | Create | Villager (Male) |
| 2:13 | Create | Villager (Male) |
| 2:29 | Create | Villager (Male) |
| 2:45 | Build | House |
| 3:29 | Create | Villager (Male) |
| 3:30 | Create | Villager (Male) |
| 4:09 | Create | Villager (Male) |
| 4:37 | Create | Villager (Male) |
| 4:38 | Create | Villager (Male) |
| 4:50 | Build | Lumber Camp |
| 5:09 | Create | Villager (Male) |
| 5:52 | Create | Villager (Male) |
| 6:04 | Create | Villager (Male) |
| 6:28 | Build | Mill |
| 6:46 | Create | Villager (Male) |
| 7:23 | Research | Feudal Age |
| 7:25 | Research | Loom |
| 7:36 | Build | House |
| 8:24 | Build | Mill |
| 8:39 | Create | Villager (Male) |
| 8:41 | Create | Villager (Male) |
| 9:08 | Build | Mill |
| 9:33 | Age | Feudal Age |
| 9:41 | Research | Double-Bit Axe |
| 10:15 | Create | Villager (Male) |
| 10:54 | Build | House |
| 11:09 | Create | Villager (Male) |
| 11:10 | Create | Villager (Male) |
| 11:28 | Build | Mining Camp |
| 11:47 | Create | Villager (Male) |
| 12:08 | Create | Villager (Male) |
| 12:37 | Build | Lumber Camp |
| 12:49 | Create | Villager (Male) |
| 13:11 | Build | House |
| 14:19 | Build | Mill |
| 14:26 | Create | Villager (Male) |
| 14:36 | Build | Barracks |
| 14:52 | Build | Blacksmith |
| 15:02 | Create | Villager (Male) |
| 15:03 | Create | Villager (Male) |
| 15:30 | Create | Villager (Male) |
| 16:17 | Build | Archery Range |
| 16:29 | Create | Villager (Male) |
| 16:46 | Research | Horse Collar |
| 17:05 | Build | Mining Camp |
| 17:23 | Create | Archer |
| 17:23 | Create | Archer |
| 17:23 | Create | Archer |
| 17:34 | Research | Castle Age |
| 17:39 | Build | Farm |
| 18:15 | Build | Farm |
| 18:24 | Build | Farm |
| 18:26 | Research | Stone Mining |
| 18:30 | Research | Gold Mining |
| 18:33 | Create | Villager (Male) |
| 18:35 | Create | Villager (Male) |
| 18:39 | Build | House |
| 18:40 | Build | House |
| 19:37 | Build | Archery Range |
| 19:55 | Research | Fletching |
| 19:58 | Research | Padded Archer Armor |
| 20:03 | Create | Villager (Male) |
| 20:14 | Age | Castle Age |
| 20:25 | Build | Town Center |
| 20:41 | Build | Town Center |
| 20:50 | Create | Villager (Male) |
| 20:58 | Research | Stone Shaft Mining |
| 21:34 | Build | Farm |
| 21:35 | Create | Villager (Male) |
| 21:51 | Build | Farm |
| 22:05 | Build | Farm |
| 22:08 | Create | Villager (Male) |
| 22:08 | Create | Villager (Male) |
| 22:14 | Create | Villager (Male) |
| 22:14 | Create | Villager (Male) |
| 22:27 | Build | Farm |
| 22:36 | Build | Farm |
| 22:40 | Build | Farm |
| 22:43 | Build | Farm |
| 22:45 | Build | Farm |
| 22:56 | Create | Villager (Male) |
| 22:57 | Create | Villager (Male) |
| 22:58 | Create | Villager (Male) |
| 23:03 | Build | Farm |
| 24:42 | Build | Farm |
| 24:46 | Build | Farm |
| 25:07 | Build | Castle |
| 25:30 | Build | Farm |
| 25:32 | Create | Villager (Male) |
| 25:32 | Create | Villager (Male) |
| 25:32 | Create | Villager (Male) |
| 25:36 | Build | House |
| 25:40 | Build | House |
| 25:42 | Build | House |
| 25:44 | Build | House |
| 26:09 | Create | Villager (Male) |
| 26:09 | Create | Villager (Male) |
| 26:09 | Create | Villager (Male) |
| 26:10 | Create | Villager (Male) |
| 26:38 | Research | Thumb Ring |
| 26:51 | Build | Farm |
| 27:05 | Create | Villager (Male) |
| 27:05 | Create | Villager (Male) |
| 27:09 | Create | Villager (Male) |
| 27:15 | Create | Villager (Male) |
| 27:38 | Create | Villager (Male) |
| 27:47 | Build | Mining Camp |
| 27:55 | Create | Villager (Male) |
| 28:10 | Create | Villager (Male) |
| 28:13 | Create | Villager (Male) |
| 28:22 | Create | Villager (Male) |
| 28:53 | Research | Imperial Age |
| 28:59 | Create | Villager (Male) |
| 28:59 | Create | Villager (Male) |
| 29:02 | Create | Villager (Male) |
| 29:18 | Build | Castle |
| 29:25 | Build | Mining Camp |
| 29:33 | Research | Elite Skirmisher (upgrade) |
| 29:41 | Build | Archery Range |
| 29:45 | Build | Barracks |
| 29:46 | Build | Barracks |
| 29:49 | Build | Archery Range |
| 30:12 | Create | Villager (Male) |
| 30:12 | Create | Villager (Male) |
| 30:14 | Create | Villager (Male) |
| 30:14 | Create | Villager (Male) |
| 30:16 | Create | Villager (Male) |
| 30:23 | Research | Gold Shaft Mining |
| 30:48 | Build | Farm |
| 30:49 | Create | Villager (Male) |
| 30:51 | Create | Villager (Male) |
| 31:11 | Build | Farm |
| 31:18 | Create | Villager (Male) |
| 31:22 | Create | Villager (Male) |
| 31:25 | Research | Forging |
| 31:40 | Build | Farm |
| 32:02 | Build | Lumber Camp |
| 32:03 | Age | Imperial Age |
| 32:06 | Build | Farm |
| 32:09 | Create | Trebuchet (Packed) |
| 32:10 | Create | Trebuchet (Packed) |
| 32:22 | Research | Pikeman (upgrade) |
| 32:23 | Research | Man-at-Arms (upgrade) |
| 32:24 | Research | Gambesons |
Build order — Arlexchc
First 150 of 182 actions detected
| 0:54 | Build | House |
| 1:17 | Build | House |
| 1:20 | Build | House |
| 1:35 | Create | Villager (Male) |
| 1:36 | Create | Villager (Male) |
| 1:38 | Create | Villager (Male) |
| 1:40 | Create | Villager (Male) |
| 2:26 | Create | Villager (Male) |
| 3:19 | Create | Villager (Male) |
| 3:51 | Build | Lumber Camp |
| 3:56 | Create | Villager (Male) |
| 4:38 | Create | Villager (Male) |
| 5:16 | Create | Villager (Male) |
| 5:19 | Create | Villager (Male) |
| 6:00 | Build | Mill |
| 7:13 | Create | Villager (Male) |
| 7:21 | Create | Villager (Male) |
| 7:23 | Create | Villager (Male) |
| 8:21 | Build | Lumber Camp |
| 9:44 | Research | Feudal Age |
| 10:19 | Build | House |
| 10:22 | Build | House |
| 11:46 | Create | Villager (Male) |
| 11:48 | Create | Villager (Male) |
| 11:49 | Create | Villager (Male) |
| 11:50 | Create | Villager (Male) |
| 11:51 | Create | Villager (Male) |
| 11:51 | Create | Villager (Male) |
| 11:52 | Create | Villager (Male) |
| 11:54 | Create | Villager (Male) |
| 12:26 | Build | Donjon |
| 12:38 | Build | Mining Camp |
| 12:53 | Create | Villager (Male) |
| 13:17 | Build | Market |
| 13:25 | Create | Villager (Male) |
| 13:56 | Build | Blacksmith |
| 14:09 | Create | Villager (Male) |
| 14:39 | Create | Spearman |
| 15:28 | Build | House |
| 15:33 | Build | House |
| 15:36 | Build | House |
| 15:43 | Build | House |
| 15:50 | Create | Villager (Male) |
| 15:51 | Create | Villager (Male) |
| 15:53 | Create | Villager (Male) |
| 16:01 | Create | Serjeant |
| 16:50 | Build | Donjon |
| 17:31 | Build | Farm |
| 17:40 | Build | Farm |
| 17:48 | Build | Farm |
| 17:55 | Build | Farm |
| 18:02 | Build | Farm |
| 18:10 | Build | Farm |
| 18:19 | Build | Farm |
| 18:26 | Build | Farm |
| 18:34 | Build | Farm |
| 18:43 | Build | Farm |
| 18:52 | Build | Farm |
| 19:15 | Build | Farm |
| 19:38 | Build | Farm |
| 19:55 | Build | Farm |
| 20:24 | Build | Farm |
| 20:44 | Research | Castle Age |
| 20:52 | Build | Farm |
| 21:05 | Create | Serjeant |
| 21:26 | Research | Double-Bit Axe |
| 21:35 | Create | Villager (Male) |
| 21:35 | Create | Villager (Male) |
| 21:46 | Create | Serjeant |
| 22:02 | Research | Horse Collar |
| 22:09 | Create | Villager (Male) |
| 22:20 | Create | Spearman |
| 22:39 | Research | Gold Mining |
| 23:05 | Create | Serjeant |
| 24:50 | Create | Serjeant |
| 24:50 | Create | Serjeant |
| 25:04 | Build | Monastery |
| 25:08 | Create | Villager (Male) |
| 25:08 | Create | Villager (Male) |
| 25:08 | Create | Villager (Male) |
| 25:08 | Create | Villager (Male) |
| 25:19 | Build | Town Center |
| 25:40 | Create | Monk |
| 25:41 | Create | Monk |
| 25:54 | Build | Mining Camp |
| 26:12 | Create | Villager (Male) |
| 26:12 | Create | Villager (Male) |
| 26:13 | Create | Villager (Male) |
| 26:13 | Create | Villager (Male) |
| 26:13 | Create | Villager (Male) |
| 26:13 | Create | Villager (Male) |
| 26:15 | Research | Loom |
| 26:15 | Research | Wheelbarrow |
| 26:16 | Research | Town Watch |
| 26:38 | Build | Farm |
| 27:03 | Build | Town Center |
| 27:07 | Create | Villager (Male) |
| 27:07 | Create | Villager (Male) |
| 27:07 | Create | Villager (Male) |
| 27:37 | Create | Monk |
| 28:04 | Create | Villager (Male) |
| 28:04 | Create | Villager (Male) |
| 28:11 | Create | Villager (Male) |
| 28:11 | Create | Villager (Male) |
| 28:11 | Create | Villager (Male) |
| 28:19 | Build | Farm |
| 28:33 | Build | University |
| 29:10 | Create | Villager (Male) |
| 29:10 | Create | Villager (Male) |
| 29:10 | Create | Villager (Male) |
| 29:10 | Create | Villager (Male) |
| 29:22 | Build | Farm |
| 29:34 | Build | Farm |
| 29:45 | Build | Siege Workshop |
| 30:08 | Build | Town Center |
| 30:55 | Build | Mining Camp |
| 32:00 | Create | Villager (Male) |
| 32:00 | Create | Villager (Male) |
| 32:01 | Create | Villager (Male) |
| 32:28 | Create | Villager (Male) |
| 32:29 | Create | Villager (Male) |
| 32:39 | Create | Villager (Male) |
| 32:40 | Create | Villager (Male) |
| 33:00 | Research | Imperial Age |
| 33:13 | Build | Castle |
| 34:03 | Research | Fletching |
| 34:07 | Research | Murder Holes |
| 34:07 | Research | Masonry |
| 34:09 | Research | Ballistics |
| 34:17 | Create | Villager (Male) |
| 34:17 | Create | Villager (Male) |
| 34:17 | Create | Villager (Male) |
| 34:18 | Create | Villager (Male) |
| 35:42 | Build | Farm |
| 35:50 | Build | Farm |
| 36:03 | Research | First Crusade |
| 36:13 | Build | Farm |
| 36:16 | Create | Battering Ram |
| 36:16 | Create | Battering Ram |
| 36:28 | Build | Farm |
| 36:30 | Create | Villager (Male) |
| 36:31 | Create | Villager (Male) |
| 36:31 | Research | Town Patrol |
| 36:38 | Create | Villager (Male) |
| 36:39 | Create | Villager (Male) |
| 36:39 | Create | Villager (Male) |
| 37:15 | Build | House |
| 37:19 | Build | House |
| 37:23 | Build | House |
| 37:27 | Build | House |
Match timeline
| 9:33 | elias.tanous · age_up feudal |
| 12:26 | Arlexchc · first_building Donjon |
| 14:36 | elias.tanous · first_building Barracks |
| 16:17 | elias.tanous · first_building Archery Range |
| 20:14 | elias.tanous · age_up castle |
| 25:04 | Arlexchc · first_building Monastery |
| 25:07 | elias.tanous · first_building Castle |
| 29:45 | Arlexchc · first_building Siege Workshop |
| 32:03 | elias.tanous · age_up imperial |
| 33:13 | Arlexchc · first_building Castle |
| 39:46 | Arlexchc · wall_segment Stone Wall x1 |
| 40:28 | Arlexchc · wall_segment Stone Wall x1 |
| 43:36 | Arlexchc · resign |
[ AI ANALYSIS · 1 CREDIT ]
What really happened in this match?
Wolo.gg analyzes every decision: build order, eco, micro, common mistakes by bracket. Personalized analysis on WhatsApp or Discord in 30 seconds.
Civ guide
Byzantines
Perfil
Jugador #2179741